 Dungeon Crawl Stone Soup version 0.21-a0-19-g210df22 (webtiles) character file.

4165 Deathtrap2010 the Blocker (level 10, -12/83 HPs)
             Began as a Minotaur Fighter on May 25, 2017.
             Was an Initiate of Fedhas.
             Mangled by a two-headed ogre
             ... wielding a cursed -2 giant club
              (14 damage)
             ... on level 8 of the Dungeon.
             The game lasted 00:31:15 (6186 turns).

Deathtrap2010 the Blocker (Minotaur Fighter)        Turns: 6186, Time: 00:31:16

Health: -12/83     AC: 12    Str: 35    XL:     10   Next: 7%
Magic:  11/11      EV:  8    Int:  5    God:    Fedhas [......]
Gold:   180        SH: 25    Dex: 11    Spells: 8/12 levels left

rFire    . . .     SeeInvis .   j - +4 falchion (slice)
rCold    + + .     Gourm    .   l - +1 large shield
rNeg     . . .     Faith    .   p - +1 chain mail of Time Monsters {Str+2}
rPois    .         Spirit   .   (helmet restricted)
rElec    .         Reflect  .   (no cloak)
rCorr    .         Harm     .   k - +2 pair of gloves of Daky {rC++ Str+6 Stlth-}
MR       .....                  a - +0 pair of boots
Stlth    ..........             (no amulet)
Regen    0.0/turn               (no ring)
MPRegen  0.2/turn               (no ring)

@: no status effects
A: retaliatory headbutt, horns 2, large bone plates 1, blurry vision 1, deformed
body, inhibited regeneration, strong 2
a: Fungal Bloom, Renounce Religion


You were on level 8 of the Dungeon.
You worshipped Fedhas.
Fedhas was noncommittal.
You were not hungry.

You visited 1 branch of the dungeon, and saw 8 of its levels.

You collected 427 gold pieces.
You spent 247 gold pieces at shops.

Inventory:

Hand Weapons
 j - a +4 falchion of slicing (weapon)
Armour
 a - a +0 pair of boots (worn)
 k - the +2 pair of gloves of Daky (worn) {rC++ Str+6 Stlth-}
   (You acquired it on level 7 of the Dungeon)

   It affects your strength (+6).
   It greatly protects you from cold.
   It makes you less stealthy.
 l - a +1 large shield (worn)
 p - the +1 chain mail of Time Monsters (worn) {Str+2}
   (You bought it in a shop on level 8 of the Dungeon)

   It affects your strength (+2).
Scrolls
 c - 4 scrolls of teleportation
 d - 2 scrolls of blinking
 g - a scroll of fog
 i - 3 scrolls of identify
 m - a scroll of fear
 o - 3 scrolls of recharging
 t - 2 scrolls of remove curse
 v - a scroll of amnesia
Potions
 n - a potion of brilliance
 r - 2 potions of magic
Comestibles
 b - 2 meat rations
 f - 4 bread rations
 h - 12 fruits
 u - 2 royal jellies


   Skills:
 * Level 6.2 Fighting
 * Level 7.9 Long Blades
   Level 3.3 Axes
 * Level 7.0 Armour
 * Level 4.5 Dodging
 * Level 10.3 Shields
 * Level 1.7 Spellcasting
 * Level 2.0 Summonings
 * Level 2.0 Air Magic
 * Level 2.7 Invocations


You had 8 spell levels left.
You knew the following spells:

 Your Spells              Type           Power        Failure   Level  Hunger
a - Summon Lightning Spi  Summ/Air       #.......     100%        4    #####..


Dungeon Overview and Level Annotations

Branches:
Dungeon (8/15)
 Temple: D:4-7         Lair: D:8-11

Altars:
Fedhas
Uskayaw
Yredelemnul

Shops:
D:8 [(


Innate Abilities, Weirdness & Mutations

You reflexively headbutt those who attack you in melee.
You have a pair of horns on your head.
You are partially covered in large bone plates. (SH +4)
Scrolls take you a little longer to read.
Armour fits poorly on your strangely shaped body.
You do not regenerate when monsters are visible.
Your muscles are very strong. (Str +4)


Message History

You swing at nothing.
You swing at nothing.
You block the two-headed ogre's attack. x2
You swing at nothing.
You block the two-headed ogre's attack. x2
You swing at nothing.
The two-headed ogre hits you but does no damage.
You block the two-headed ogre's attack.
You swing at nothing.
You slash the two-headed ogre!
The two-headed ogre is moderately wounded.
You block the two-headed ogre's attack.
The two-headed ogre hits you with a giant spiked club.
* * * LOW HITPOINT WARNING * * *
Okay, then.
Okay, then.
You slash the two-headed ogre! You headbutt the two-headed ogre!
The two-headed ogre is heavily wounded.
You block the two-headed ogre's attack.
The two-headed ogre hits you with a giant spiked club!
You die...
Fedhas appreciates your contribution to the ecosystem.

#####
########......
#....O@..#
#.##########
#.# #.. #.#
#.# .#
####.### #.#
.# #...รท..#
#.# $.
#.#.##.## #.#
.## . #
#.#...#####.#
..# ...
#...........#
..#....


You could see a two-headed ogre.

Vanquished Creatures
  A two-headed ogre (D:7)
  Joseph (D:8)
  Prince Ribbit (D:7)
  A hippogriff (D:7)
  A wandering mushroom (D:6)
  Sigmund (D:3)
  3 wargs (D:8)
  A steam dragon (D:7)
  2 orc warriors (D:7)
  A sky beast (D:7)
  An ice beast (D:7)
  A black bear (D:6)
  4 centaurs
  A necrophage (D:8)
  An ogre (D:4)
  5 bullfrogs
  A scorpion (D:6)
  2 wights (D:6)
  A howler monkey (D:4)
  2 crimson imps
  A quasit (D:6)
  A hound (D:7)
  An orc priest (D:8)
  7 orc wizards
  A centaur skeleton (D:4)
  A jelly (D:7)
  Jessica (D:3)
  An iguana (D:5)
  3 worker ants
  Robin (D:3)
  6 adders
  A howler monkey skeleton (D:8)
  2 shadow imps
  3 oozes
  An adder skeleton (D:7)
  4 worms
  3 dart slugs
  4 leopard geckos
  16 orcs
  6 giant cockroaches
  11 goblins
  9 hobgoblins
  2 jackals (D:7)
  12 kobolds
  5 quokkas
  2 ball pythons
  10 bats
  8 frilled lizards
  A jackal skeleton (D:7)
  A leopard gecko zombie (D:8)
  4 rats
  2 toadstools (D:2)
163 creatures vanquished.

Vanquished Creatures (collateral kills)
  A phantom (D:6)
  A sky beast (D:6)
  A wight (D:6)
  A leopard gecko (D:5)
  A quokka (D:6)
5 creatures vanquished.

Vanquished Creatures (others)
  A wandering mushroom (D:6)
  A human (D:7)
  37 toadstools
39 creatures vanquished.

Grand Total: 207 creatures vanquished

Notes
Turn   | Place    | Note
-------+----------+-------------------------------------------
     0 | D:1      | Deathtrap2010 the Minotaur Fighter began the quest for the Orb.
     0 | D:1      | Reached XP level 1. HP: 19/19 MP: 0/0
   199 | D:1      | Reached XP level 2. HP: 19/27 MP: 1/1
   264 | D:1      | Reached skill level 1 in Dodging
   587 | D:1      | Reached skill level 4 in Shields
   587 | D:1      | Reached XP level 3. HP: 31/33 MP: 2/2
   670 | D:1      | Gained mutation: You do not regenerate when monsters are visible. [potion of mutation]
   670 | D:1      | Gained mutation: You are clumsy. (Dex -2) [potion of mutation]
   670 | D:1      | Gained mutation: You are partially covered in large bone plates. (SH +4) [potion of mutation]
  1082 | D:2      | Found a blossoming altar of Fedhas.
  1102 | D:2      | Noticed an oklob plant
  1114 | D:2      | Became a worshipper of Fedhas Madash
  1195 | D:2      | Reached XP level 4. HP: 21/40 MP: 3/3
  2276 | D:3      | Noticed Robin
  2285 | D:3      | Killed Robin
  2297 | D:3      | Reached XP level 5. HP: 28/46 MP: 4/4
  2402 | D:3      | Reached skill level 5 in Shields
  2428 | D:3      | Reached * piety under Fedhas
  2503 | D:3      | Noticed Sigmund
  2509 | D:3      | Killed Sigmund
  2509 | D:3      | Reached skill level 1 in Long Blades
  2509 | D:3      | Reached XP level 6. HP: 52/52 MP: 5/5
  2589 | D:3      | Noticed Jessica
  2593 | D:3      | Killed Jessica
  2744 | D:3      | Reached skill level 5 in Armour
  3562 | D:4      | Reached skill level 6 in Shields
  3874 | D:4      | Reached XP level 7. HP: 60/60 MP: 6/6
  3942 | D:5      | Entered Level 5 of the Dungeon
  4008 | D:5      | Noticed a dagger
  4008 | D:5      | Noticed a dagger
  4010 | D:5      | Found a hide-covered altar of Uskayaw.
  4169 | D:5      | Lost mutation: You do not regenerate when monsters are visible. [potion of mutation]
  4169 | D:5      | Lost mutation: You are clumsy. (Dex -2) [potion of mutation]
  4169 | D:5      | Gained mutation: You do not regenerate when monsters are visible. [potion of mutation]
  4169 | D:5      | Gained mutation: Armour fits poorly on your strangely shaped body. [potion of mutation]
  4169 | D:5      | Gained mutation: You have a pair of large horns on your head. [potion of mutation]
  4169 | D:5      | Gained mutation: Your muscles are strong. (Str +2) [potion of mutation]
  4308 | D:6      | Reached skill level 5 in Fighting
  4412 | D:6      | Reached skill level 7 in Shields
  4568 | D:6      | Identified the Incunabulum of Snow and the Escort
  4575 | D:6      | Learned a level 4 spell: Summon Lightning Spire
  4611 | D:6      | Reached XP level 8. HP: 44/68 MP: 7/7
  4733 | D:6      | Was placed under penance by Fedhas
  4742 | D:6      | Killed a wandering mushroom
  4931 | D:7      | Reached skill level 8 in Shields
  4985 | D:7      | Found a runed door.
  4993 | D:7      | Found a basalt altar of Yredelemnul.
  5047 | D:7      | Noticed Prince Ribbit
  5051 | D:7      | Noticed a hippogriff
  5068 | D:7      | Killed a hippogriff
  5068 | D:7      | Reached skill level 5 in Long Blades
  5137 | D:7      | Reached skill level 1 in Summonings
  5137 | D:7      | Reached skill level 1 in Invocations
  5379 | D:7      | Killed Prince Ribbit
  5379 | D:7      | Reached skill level 1 in Spellcasting
  5379 | D:7      | Reached skill level 1 in Air Magic
  5379 | D:7      | Reached XP level 9. HP: 68/75 MP: 9/9
  5381 | D:7      | Lost mutation: You have a pair of large horns on your head. [mutagenic meat]
  5384 | D:7      | Gained mutation: You are frail. (-10% HP) [mutagenic meat]
  5385 | D:7      | Lost mutation: You are frail. (-10% HP) [mutagenic meat]
  5387 | D:7      | Gained mutation: Your muscles are very strong. (Str +4) [mutagenic meat]
  5388 | D:7      | Gained mutation: Scrolls take you a little longer to read. [mutagenic meat]
  5441 | D:7      | Noticed a two-headed ogre
  5462 | D:7      | Killed a two-headed ogre
  5462 | D:7      | Reached skill level 9 in Shields
  5591 | D:7      | Identified a scroll of acquirement
  5591 | D:7      | Got a pair of polished gloves
  5602 | D:7      | Identified the +2 pair of gloves of Daky {rC++ Str+6 Stlth-} (You acquired it on level 7 of the Dungeon)
  5624 | D:7      | Was forgiven by Fedhas
  5925 | D:8      | Found Xytilate's Armour Shoppe.
  5937 | D:8      | Bought the cursed +1 chain mail of Time Monsters {Str+2} for 247 gold pieces
  5958 | D:8      | Found Xepsogh's Weapon Boutique.
  6007 | D:8      | Reached skill level 10 in Shields
  6026 | D:8      | Noticed a two-headed ogre
  6036 | D:8      | Noticed Joseph
  6046 | D:8      | Killed Joseph
  6046 | D:8      | Reached XP level 10. HP: 10/83 MP: 11/11
  6185 | D:8      | HP: 2/83 [two-headed ogre/giant club (4)]
  6186 | D:8      | Mangled by a two-headed ogre

Vault maps used:
D:1:      erik_arrival_triangle_medium, serial_bayou_ford_a,
          minmay_curled_crystal
D:2:      minmay_diamond_boxcup, tgw_fedhas
D:3:      uniq_sigmund, uniq_robin, uniq_jessica
D:4:      minmay_statues_item, uniq_ijyb
D:5:      dancing_weapons_uskayaw, minmay_temple_entry_hall, first_bread,
          st_stairs_3
D:7:      dk_yredelemnul_ordeal, uniq_prince_ribbit1
D:8:      erik_lair_orcish_takeover, serial_shops, nicolae_shop_window_shopping,
          shop_fountains, shop, shop_coins, uniq_joseph, uniq_maurice,
          uniq_psyche

Skill      XL: |  1  2  3  4  5  6  7  8  9 |
---------------+----------------------------+-----
Dodging        | 1 2 3 4 |  4.5
Shields        | 4 5 6 7 8 10 | 10.3
Armour         | 4 5 6 7 |  7.0
Axes           | 3 |  3.3
Fighting       | 4 5 6 |  6.2
Long Blades    | 1 2 4 6 7 |  7.9
Summonings     | 1 2 |  2.0
Invocations    | 1 2 |  2.7
Spellcasting   | 1 |  1.7
Air Magic      | 1 2 |  2.0

Action                   |  1- 3 |  4- 6 |  7- 9 | 10-12 || total
-------------------------+-------+-------+-------+-------++-------
Melee: War axe           |   117 |    32 |       |       ||   149
       Headbutt          |    19 |    22 |    54 |     2 ||    97
       Falchion          |       |   146 |   264 |     6 ||   416
Invok: Fungal Bloom      |       |     3 |     5 |     1 ||     9
       Evolution         |       |     2 |     3 |       ||     5
  Use: Scroll            |     5 |     2 |     9 |     1 ||    17
       Potion            |     5 |     5 |     7 |       ||    17
  Eat: Meat ration       |     1 |     1 |     1 |       ||     3
       Bread ration      |       |       |     1 |       ||     1
       Chunk             |       |       |     6 |       ||     6
Armor: Scale mail        |    13 |       |       |       ||    13
       Chain mail        |    47 |    68 |    85 |     1 ||   201
Dodge: Dodged            |    25 |    30 |    41 |       ||    96
Block: Shield            |   100 |    73 |       |       ||   173
       Large shield      |       |   126 |   276 |    20 ||   422
       Rpst.: Falchion   |       |     7 |    10 |       ||    17
